 Dungeon Crawl Stone Soup version 0.19.0-9-gfd783f2 (webtiles) character file.

40 benbatman the Slasher (level 3, -1/24 HPs)
             Began as a Halfling Skald on Nov 4, 2016.
             Slain by an orc
             ... wielding a +0 hand axe
              (6 damage)
             ... on level 3 of the Dungeon on Nov 7, 2016.
             The game lasted 00:07:24 (1792 turns).

benbatman the Slasher (Halfling Skald)              Turns: 1792, Time: 00:07:25

Health: -1/24      AC:  4    Str: 18    XL:     3   Next: 72%
Magic:  5/5        EV: 14    Int: 10    God:
Gold:   59         SH:  0    Dex: 14    Spells: 2 memorised, 2 levels left

rFire  . . .     SeeInvis .     a - +1 falchion
rCold  . . .     Gourm    .     b - +0 leather armour
rNeg   . . .     Faith    .     (shield restricted)
rPois  .         Spirit   .     (no helmet)
rElec  .         Reflect  .     (no cloak)
rCorr  .         Harm     .     o - +0 pair of gloves
MR     .....                    (no boots)
Stlth  +.........               e - amulet of inaccuracy (curse)
                                (no ring)
                                (no ring)

@: mighty
A: mutation resistance 1
a: no special abilities


You were on level 3 of the Dungeon.
You were not hungry.

You visited 1 branch of the dungeon, and saw 3 of its levels.

You collected 59 gold pieces.

Inventory:

Hand Weapons
 a - a +1 falchion (weapon)
 g - a +1 dagger of draining
Armour
 b - a +0 leather armour (worn)
 o - a +0 pair of gloves (worn)
Jewellery
 e - a cursed amulet of inaccuracy (around neck)
Scrolls
 n - a scroll of enchant weapon
Potions
 h - a potion of resistance
 l - a potion of agility {unknown}
 m - a potion of curing {unknown}
 p - 2 potions of mutation {unknown}
Books
 c - a book of Battle

   Spells                             Type                      Level
   a - Infusion                       Charms                       1
   b - Shroud of Golubria             Charms/Translocation         2
   c - Song of Slaying                Charms                       2
   d - Spectral Weapon                Hexes/Charms                 3
   e - Regeneration                   Charms/Necromancy            3
Comestibles
 d - 2 bread rations
 f - a slice of pizza
 j - 3 fruits


   Skills:
 - Level 1.7 Fighting
 * Level 3.7 Long Blades
 - Level 1.1 Armour
 + Level 1.2 Dodging
 - Level 1.5 Spellcasting
 - Level 3.2 Charms


You had 2 spell levels left.
You knew the following spells:

 Your Spells              Type           Power        Failure   Level  Hunger
a - Infusion              Chrm           #...         12%         1    ##.....
b - Song of Slaying       Chrm           #.......     17%         2    ###....


Dungeon Overview and Level Annotations

Branches:
Dungeon (3/15)

Altars:


Innate Abilities, Weirdness & Mutations

You are small and have problems with some larger weapons.
You are somewhat resistant to further mutation.


Message History

You barely miss the frilled lizard.
The frilled lizard is heavily wounded.
The orc misses you. The frilled lizard barely misses you.
You riposte.
You miss the frilled lizard.
The frilled lizard is heavily wounded.
The orc hits you with a hand axe.
* * * LOW HITPOINT WARNING * * *
You feel very mighty all of a sudden. The frilled lizard misses you.
The orc misses you.
You riposte.
You hit the orc.
You kill the orc!
You slash the frilled lizard!
You kill the frilled lizard!
The hobgoblin closely misses you.
You riposte.
You closely miss the hobgoblin. The orc closely misses you.
You barely miss the hobgoblin. The orc hits you with a club.
* * * LOW HITPOINT WARNING * * *
The hobgoblin completely misses you.
You riposte.
You closely miss the hobgoblin. The orc hits you with a hand axe.
You die...

#. ##%# ...#
... .. #.
#.#)######...
#..o@g......#
#.#o###.$....
..K ###.#
###. .. #. #.
#.


You could see 2 orcs, a hobgoblin and a kobold.

Vanquished Creatures
  A dart slug (D:2)
  2 leopard geckos
  2 orcs (D:3)
  2 giant cockroaches
  5 goblins
  3 hobgoblins (D:2)
  A ball python (D:1)
  4 bats
  3 frilled lizards
  5 kobolds
  5 rats
33 creatures vanquished.

Notes
Turn   | Place    | Note
-------+----------+-------------------------------------------
     0 | D:1      | benbatman the Halfling Skald began the quest for the Orb.
     0 | D:1      | Reached XP level 1. HP: 14/14 MP: 3/3
   452 | D:1      | Reached XP level 2. HP: 15/19 MP: 4/4
   666 | D:1      | Upgraded the game from 0.19.0-2-gae57169 to 0.19.0-9-gfd783f2
  1087 | D:2      | Reached XP level 3. HP: 24/24 MP: 5/5
  1094 | D:2      | Learned a level 2 spell: Song of Slaying
  1792 | D:3      | Slain by an orc

Skill      XL: |  1  2 |
---------------+-------+-----
Long Blades    | 3 |  3.7
Fighting       | |  1.7
Armour         | |  1.1
Dodging        | |  1.2
Spellcasting   | |  1.5
Charms         | |  3.2

Action                   || total
-------------------------++-------
Melee: Falchion          ||   121
       Dagger            ||    20
 Cast: Song of Slaying   ||     3
  Use: Scroll            ||     4
       Potion            ||     1
  Eat: Chunk             ||     3
Armor: Leather armour    ||    49
Dodge: Dodged            ||   132
       Rpst.: Falchion   ||    50
